 Dungeon Crawl Stone Soup version 0.23-a0-119-ga86c9e7 (webtiles) character file.

12110 Amnesiac the Destroyer (level 11, -2/68 HPs)
             Began as a Mummy Air Elementalist on Aug 24, 2018.
             Was an Elder of Dithmenos.
             Slain by a yak (6 damage)
             ... on level 11 of the Dungeon.
             The game lasted 00:22:19 (10626 turns).

Amnesiac the Destroyer (Mummy Air Elementalist)    Turns: 10626, Time: 00:22:20

Health: -2/68      AC:  8    Str: 12    XL:     11   Next: 58%
Magic:  12/25      EV: 11    Int: 18    God:    Dithmenos [****..]
Gold:   481        SH:  0    Dex: 12    Spells: 18/30 levels left

rFire    + . .     SeeInvis .   a - +4 scimitar (flame)
rCold    + + +     Gourm    .   (no shield)
rNeg     + + +     Faith    .   s - +2 leather armour of the Blessed Realm {rF++}
rPois    ∞         Spirit   .   (no helmet)
rElec    .         Reflect  .   m - +2 cloak
rCorr    .         Harm     .   (no gloves)
MR       +....                  (no boots)
Stlth    ++........             x - amulet of magic regeneration
HPRegen  0.21/turn              h - ring of protection from cold
MPRegen  0.44/turn              o - ring of protection from cold

@: wreathed by umbra
A: no food or potions, fire vulnerability, cold resistance 1, negative energy
resistance 3, torment resistance, unbreathing
a: Shadow Step, Renounce Religion


You were on level 11 of the Dungeon.
You worshipped Dithmenos.
Dithmenos was greatly pleased with you.
You were not hungry.

You visited 2 branches of the dungeon, and saw 12 of its levels.
You also visited: Ossuary.

You collected 533 gold pieces.
You spent 52 gold pieces at shops.

Inventory:

Hand Weapons
 a - a +4 scimitar of flaming (weapon)
 b - a +0 blowgun
 B - the +0 battleaxe of World Downfall {freeze, rF+}
   (You took it off a frost giant on level 11 of the Dungeon)

   It has been specially enchanted to freeze those struck by it, causing extra
   injury to most foes and up to half again as much damage against particularly
   susceptible opponents.
   It can also slow down cold-blooded creatures.
   It protects you from fire.
Missiles
 f - 47 poisoned needles
Armour
 m - a +2 cloak (worn)
 s - the +2 leather armour of the Blessed Realm (worn) {rF++}
   (You found it on level 4 of the Dungeon)

   It greatly protects you from fire.
Jewellery
 h - a ring of protection from cold (left hand)
 i - a +3 ring of evasion
 o - a ring of protection from cold (right hand)
 x - an amulet of magic regeneration (around neck)
Wands
 e - a wand of acid (9)
 q - a wand of paralysis (9)
 t - a wand of iceblast (7)
 v - a wand of scattershot (5)
 y - a wand of flame (38)
Scrolls
 c - 2 scrolls of blinking {!r}
 d - a scroll of enchant weapon {!r}
 g - 3 scrolls of identify {!r}
 j - 4 scrolls of teleportation {!r}
 k - 2 scrolls of fog {!r}
 l - a scroll of enchant armour {!r}
 n - 3 scrolls of amnesia {!r}
 p - 2 scrolls of magic mapping {!r}
 u - a scroll of remove curse {!r}
 z - a scroll of acquirement {!r, unknown}
 A - a scroll of summoning {!r, unknown}
Miscellaneous
 w - a crystal ball of energy


   Skills:
 - Level 1.5 Dodging
 - Level 1.5 Stealth
 + Level 10.1 Spellcasting
 * Level 10.2 Conjurations
 * Level 10.1 Air Magic


You had 18 spell levels left.
You knew the following spells:

 Your Spells              Type           Power        Failure   Level  Hunger
a - Airstrike             Air            #####.....   1%          4    N/A
d - Lightning Bolt        Conj/Air       #####.....   4%          5    N/A
e - Shock                 Conj/Air       ####         1%          1    N/A
z - Swiftness             Chrm/Air       ####....     1%          2    N/A

Your spell library contained the following spells:

 Spells                   Type           Power        Failure   Level  Hunger
 Static Discharge         Conj/Air       #####...     1%          3    N/A
 Animate Skeleton         Necr           N/A          10%         1    N/A
 Confusing Touch          Hex            #.....       10%         1    N/A
 Pain                     Necr           #...         10%         1    N/A
 Shroud of Golubria       Chrm/Tloc      #.........   16%         2    N/A
 Confuse                  Hex            #.......     30%         3    N/A
 Gell's Gravitas          Tloc           #.........   30%         3    N/A
 Vampiric Draining        Necr           #.........   30%         3    N/A
 Animate Dead             Necr           N/A          69%         4    N/A
 Petrify                  Tmut/Erth      #.......     69%         4    N/A
 Excruciating Wounds      Chrm/Necr      #.........   95%         5    N/A
 Metabolic Englaciation   Hex/Ice        #.........   95%         5    N/A
 Yara's Violent Unravell  Hex/Tmut       #.........   95%         5    N/A
 Controlled Blink         Tloc           N/A          100%        8    N/A
 Sublimation of Blood     Necr           Unusable     N/A         2    N/A
 Regeneration             Chrm/Necr      Unusable     N/A         3    N/A

Dungeon Overview and Level Annotations

Branches:
Dungeon (11/15)            Temple (1/1) D:6            Lair (0/6) D:9
    Orc: D:9-12

Altars:
Ashenzari
Cheibriados
Dithmenos
Elyvilon
Fedhas
Gozag
Hepliaklqana
Kikubaaqudgha
Makhleb
Nemelex Xobeh
Okawaru
Qazlal
Ru
Sif Muna
Trog
Uskayaw
Vehumet
Wu Jian
Xom
Yredelemnul
The Shining One

Shops:
D:4 *   D:8 *

Annotations:
D:11 3 runed doors, exclusion: obsidian statue, biddum's ghost, journeyman MiBe


Innate Abilities, Weirdness & Mutations

You do not eat or drink.
Your flesh is vulnerable to fire.
You are immune to poison.
Your flesh is cold resistant. (rC+)
You are immune to negative energy. (rN+++)
You are immune to unholy pain and torment.
You can survive without breathing.


Message History

Deactivating autopickup; reactivate with Ctrl-A.
Something hits you. Something shocks you.
Unknown command.
You slash something! You burn something. Something hits you.
Something shocks you.
* * * LOW HITPOINT WARNING * * *
Something hits you but does no damage.
You closely miss something.
A sky beast appears from thin air!
Reactivating autopickup.
The sky beast closely misses you.
You riposte.
You slash the sky beast! You burn the sky beast.
You kill the sky beast!
Dithmenos accepts your kill.
Casting: Lightning Bolt (safe; 4% risk of failure)
Confirm with . or Enter, or press ? or * to list all spells.
Aiming: Lightning Bolt (safe; 4% risk of failure)
Press: ? - help, Shift-Dir - straight line, f - yak
Aim: a yak (umbra)
You miscast Lightning Bolt.
You are very lightly contaminated with residual magic.
You hear a crackling sound.
Unknown command.
Casting: Lightning Bolt (safe; 4% risk of failure)
Confirm with . or Enter, or press ? or * to list all spells.
You don't have enough magic to cast that spell.
Unknown command.
You hit the yak. You burn the yak.
The yak is moderately wounded.
The yak gores you!
* * * LOW HITPOINT WARNING * * *
You slash the yak! You burn the yak.
The yak is heavily wounded.
The yak barely misses you.
You riposte.
You slash the yak! You burn the yak.
The yak is almost dead.
The yak gores you!
* * * LOW HITPOINT WARNING * * *
You hit the yak. You burn the yak.
You kill the yak!
Dithmenos accepts your kill. The leopard gecko misses you.
You riposte.
You hit the leopard gecko. You burn the leopard gecko.
You kill the leopard gecko!
Dithmenos accepts your kill. The ice beast hits you.
* * * LOW HITPOINT WARNING * * *
The ice beast freezes you. You resist.
* * * LOW HITPOINT WARNING * * *
Things that are here:
a yak corpse x2
The ice beast hits you but does no damage.
Found 3 scrolls of identify.
The yak gores you.
* * * LOW HITPOINT WARNING * * *
The yak gores you but does no damage.
Okay, then.
There is a stone staircase leading up here.
Okay, then.
Your magical contamination has completely faded away.
You see here a yak corpse.
Really read
r - a scroll of fear {!r}?
As you read the scroll of fear {!r}, it crumbles to dust.
You assume a fearsome visage.
The ice beast looks frightened!
The yak easily resists.
The yak gores you.
You die...

#...........#
#...........#
#...?.......#
............#
...#####.Y.## .#
# #....# #.#
##.#<###.#
#######.#.Y.#.#
......#Y###@#.#
#...###†#.#
##....#.#.#
..####....#...###
........#####...#
#..####........%#
# #....###.####
#....# #.# #.....
#.#


You could see a yak and an ice beast (fleeing).

Vanquished Creatures
  A frost giant (D:11)
  A catoblepas (D:10)
  A death knight (D:10)
  Erica (D:10)
  3 two-headed ogres
  A death yak (D:9)
  Joseph (D:10)
  3 centaur skeletons
  Psyche (D:10)
  A troll (D:9)
  2 hippogriffs
  A spriggan (D:7)
  4 yaks
  2 basilisks (D:9)
  A hungry ghost (D:9)
  A soldier ant (D:11)
  A water moccasin (D:9)
  2 black bears
  3 sky beasts
  3 ice beasts
  3 ogres
  A necrophage (D:9)
  2 orc warriors
  A centaur (D:6)
  An elf zombie (Ossuary)
  A wyvern zombie (D:9)
  3 bullfrogs
  3 scorpions
  2 wyvern skeletons
  A water moccasin skeleton (D:5)
  An electric eel (D:8)
  A howler monkey (D:5)
  4 wights (D:9)
  4 crimson imps
  A bullfrog zombie (D:9)
  A quasit (D:6)
  A centaur zombie (Ossuary)
  2 hounds
  6 orc wizards
  An orc priest (D:11)
  2 jellies
  A bullfrog skeleton (D:9)
  8 worker ants
  4 iguanas
  3 big kobold zombies (Ossuary)
  A worker ant zombie (D:8)
  3 mummies
  6 adders
  A howler monkey skeleton (D:7)
  8 gnolls
  2 shadow imps (D:7)
  3 oozes (D:3)
  5 adder zombies
  An adder skeleton (D:6)
  A worm (D:3)
  4 leopard geckos
  36 orcs
  2 giant cockroaches
  7 goblins
  7 hobgoblins
  14 jackals
  7 quokkas
  A ball python (D:7)
  4 bats
  2 frilled lizards
  A goblin zombie (Ossuary)
  8 hobgoblin zombies (Ossuary)
  3 jackal zombies (Ossuary)
  5 kobolds
  11 kobold zombies (Ossuary)
  A leopard gecko skeleton (D:5)
  A leopard gecko zombie (D:8)
  6 orc zombies (Ossuary)
  2 quokka skeletons
  3 quokka zombies
  2 rats (D:3)
250 creatures vanquished.

Notes
Turn   | Place    | Note
-------+----------+-------------------------------------------
     0 | D:1      | Amnesiac the Mummy Air Elementalist began the quest for the Orb.
     0 | D:1      | Reached XP level 1. HP: 13/13 MP: 4/4
   198 | D:2      | Reached XP level 2. HP: 14/19 MP: 0/6
   227 | D:2      | Learned a level 2 spell: Swiftness
   507 | D:3      | Reached XP level 3. HP: 5/24 MP: 2/7
   770 | D:3      | Reached XP level 4. HP: 30/30 MP: 0/9
   834 | D:3      | Learned a level 4 spell: Airstrike
  1164 | D:3      | Reached XP level 5. HP: 27/35 MP: 2/11
  1999 | D:4      | Learned a level 5 spell: Lightning Bolt
  2045 | D:4      | Got a spiked leather armour
  2056 | D:4      | Identified the +2 leather armour of the Blessed Realm {rF++} (You found it on level 4 of the Dungeon)
  2215 | D:4      | Found Gaupo's Assorted Antiques.
  2218 | D:4      | Bought a scroll labeled MEOMEA MUSI for 26 gold pieces
  2218 | D:4      | Bought a scroll labeled WUGRINUAPTE for 26 gold pieces
  2277 | D:4      | Reached XP level 6. HP: 41/41 MP: 10/13
  2495 | D:5      | Entered Level 5 of the Dungeon
  2684 | D:5      | Reached skill level 5 in Spellcasting
  2684 | D:5      | Reached skill level 5 in Air Magic
  2828 | D:5      | Found an ornate altar of the Wu Jian Council.
  2828 | D:5      | Found a blossoming altar of Fedhas.
  2829 | D:5      | Found a white marble altar of Elyvilon.
  2905 | D:5      | Found an opulent altar of Gozag.
  3100 | D:5      | Reached XP level 7. HP: 46/46 MP: 10/15
  3555 | D:6      | Found a staircase to the Ecumenical Temple.
  3564 | Temple   | Entered the Ecumenical Temple
  3683 | Temple   | Became a worshipper of Dithmenos the Shadowed
  3770 | D:6      | Found a sand-covered staircase.
  3779 | Ossuary  | Entered an ossuary
  3913 | Ossuary  | Reached * piety under Dithmenos
  4189 | Ossuary  | Reached XP level 8. HP: 51/52 MP: 14/18
  4872 | D:6      | Reached ** piety under Dithmenos
  5985 | D:8      | Found an iron altar of Okawaru.
  6001 | D:8      | Noticed a hippogriff
  6021 | D:8      | Killed a hippogriff
  6021 | D:8      | Reached XP level 9. HP: 54/57 MP: 0/21
  6130 | D:8      | Noticed a two-headed ogre
  6150 | D:8      | Killed a two-headed ogre
  6150 | D:8      | Reached skill level 5 in Conjurations
  6294 | D:8      | Found Otoaffacw's Changing Room.
  6344 | D:8      | Found a burning altar of Makhleb.
  6617 | D:8      | Found a stormy altar of Qazlal.
  7030 | D:9      | You fall through a shaft!
  7030 | D:10     | Entered Level 10 of the Dungeon
  7048 | D:9      | Found a staircase to the Lair.
  7110 | D:9      | Noticed a death yak
  7171 | D:9      | Killed a death yak
  7171 | D:9      | Reached XP level 10. HP: 49/63 MP: 0/22
  7587 | D:9      | Reached *** piety under Dithmenos
  7738 | D:9      | Identified the Disquisition on Dark Translocation
  8465 | D:9      | Found a bloodstained altar of Trog.
  8900 | D:10     | Noticed Joseph
  8902 | D:10     | Noticed a two-headed ogre
  9001 | D:10     | Noticed Psyche
  9005 | D:10     | Killed Psyche
  9089 | D:10     | Noticed a death knight
  9200 | D:10     | Killed a death knight
  9598 | D:10     | Noticed Erica
  9638 | D:10     | Killed Erica
  9653 | D:10     | Noticed a catoblepas
  9743 | D:10     | Killed a two-headed ogre
  9743 | D:10     | Reached XP level 11. HP: 43/68 MP: 11/24
  9883 | D:10     | Killed a catoblepas
  9937 | D:10     | Killed Joseph
 10194 | D:11     | Identified a paperback manual
 10198 | D:11     | Noticed a two-headed ogre
 10206 | D:11     | Killed a two-headed ogre
 10222 | D:11     | Reached **** piety under Dithmenos
 10327 | D:11     | Noticed a frost giant
 10417 | D:11     | Found a runed gate.
 10418 | D:11     | Found an opulent altar of Gozag.
 10418 | D:11     | Noticed an obsidian statue
 10419 | D:11     | Found a runed gate.
 10419 | D:11     | Found a runed gate.
 10419 | D:11     | Noticed biddum's ghost (journeyman MiBe)
 10575 | D:11     | Killed a frost giant
 10575 | D:11     | Reached skill level 10 in Spellcasting
 10575 | D:11     | Reached skill level 10 in Conjurations
 10575 | D:11     | Reached skill level 10 in Air Magic
 10577 | D:11     | Got the battleaxe of World Downfall {freeze}
 10616 | D:11     | HP: 2/68 [yak (6)]
 10626 | D:11     | Slain by a yak

Vault maps used:
D:1:      lemuel_arrival_tunnels
D:2:      kennysheep_the_goblin_king, tgw_kikubaaqudgha, uniq_natasha
D:3:      minmay_wonky_spiral, fountainhead
D:4:      serial_shops, kennysheep_mini, first_ration, minmay_misc_feat_ornament
D:5:      nicolae_gozag_cash_rules_everything_around_me,
          gammafunk_temple_overflow_claw, grunt_ministairs_7
D:6:      lemuel_temple_firewalk_b, gup_ossuary_entry_pyramid
D:7:      the_bakery, kennysheep_generic_room_12
D:8:      lemuel_doored_altar, grunt_qazlal_clouds, basic_altar,
          fungi_pond_lemuel, nicolae_transmutations_shop
D:9:      trog_ov_bears_minmay, david_lair_generic
D:10:     uniq_psyche, uniq_joseph, uniq_erica
D:11:     minmay_coctagon, ebering_ghost_gozag, zaba_anthell
Temple:   regret_index_temple_generic_petals
Ossuary:  ossuary_tomb_1

Skill      XL: |  1  2  3  4  5  6  7  8  9 10 11 |
---------------+----------------------------------+-----
Spellcasting   | 3 4 5 6 8 9 10 | 10.1
Air Magic      | 3 4 5 6 8 9 10 | 10.1
Conjurations   | 3 8 9 10 | 10.2
Dodging        | |  1.5
Stealth        | |  1.5

Action                   |  1- 3 |  4- 6 |  7- 9 | 10-12 || total
-------------------------+-------+-------+-------+-------++-------
Melee: Unarmed           |     2 |       |       |       ||     2
       Hand axe          |       |    14 |       |       ||    14
       Short sword       |       |    21 |   163 |       ||   184
       Scimitar          |       |       |    10 |    56 ||    66
       Great sword       |       |       |       |     1 ||     1
 Cast: Shock             |    37 |   125 |    54 |    10 ||   226
       Airstrike         |       |     3 |    83 |    81 ||   167
       Lightning Bolt    |       |       |     4 |    42 ||    46
       Swiftness         |       |       |       |     1 ||     1
Evoke: Wand              |       |       |     1 |     3 ||     4
  Use: Scroll            |       |    10 |     8 |     3 ||    21
 Stab: Distracted        |       |     1 |     1 |       ||     2
       Sleeping          |       |     1 |     2 |       ||     3
Armor: Robe              |     4 |     8 |       |       ||    12
       Leather armour    |       |     9 |    79 |    38 ||   126
Dodge: Dodged            |    32 |    57 |   162 |   102 ||   353
       Rpst.: Scimitar   |       |       |     9 |    29 ||    38
       Great sword       |       |       |       |     3 ||     3

Table legend:
 A = Non-vault XP
 B = Vault XP
 C = Vault XP percentage of total XP
 D = Non-vault monster count
 E = Vault monster count
 F = Vault count percentage of total count
                 A         B        C        D         E       F
            +---------+---------+-------+---------+---------+-------
      Total |   10913 |    6388 |  36.9 |     188 |      62 |  24.8
            +---------+---------+-------+---------+---------+-------
        D:1 |       7 |       0 |   0.0 |       5 |       0 |   0.0
        D:2 |      23 |       2 |   8.0 |       6 |       1 |  14.3
        D:3 |     231 |      17 |   6.9 |      36 |       4 |  10.0
        D:4 |     106 |       0 |   0.0 |      13 |       0 |   0.0
        D:5 |     544 |       4 |   0.7 |      18 |       2 |  10.0
        D:6 |     729 |      16 |   2.1 |      24 |       1 |   4.0
        D:7 |     327 |     226 |  40.9 |       9 |       2 |  18.2
        D:8 |    1655 |     133 |   7.4 |      16 |       1 |   5.9
        D:9 |    2283 |    1687 |  42.5 |      36 |       5 |  12.2
       D:10 |    3134 |    1739 |  35.7 |      11 |       3 |  21.4
       D:11 |    1874 |    2260 |  54.7 |      14 |       4 |  22.2
    Ossuary |       0 |     304 | 100.0 |       0 |      39 | 100.0
            +---------+---------+-------+---------+---------+-------
